3232 views
Uploaded 2020-02-04 11:42:24
Game version 1.32 / 1.32.1
14:25 long 4on4 ladder game on (8)Feralas_LV
Saved by BaDitO2
3232 views
Uploaded 2020-02-04 11:42:24
Game version 1.32 / 1.32.1
14:25 long 4on4 ladder game on (8)Feralas_LV

112 units @ 16.6k
/ 1.7k
56 buildings @ 8.7k
/ 3.6k

| Scroll of Town Portal | 1 | 350 |
| total: | 1 | 350g |
| Acolyte | 3 | 225 | / | 0 |
| Ghoul | 5 | 600 | / | 0 |
| Crypt Fiend | 8 | 1720 | / | 320 |
| Obsidian Statue | 1 | 200 | / | 35 |
| Abomination | 1 | 240 | / | 70 |
| Frost Wyrm | 4 | 1540 | / | 480 |
| Grunt | 3 | 600 | / | 0 |
| Shaman | 2 | 260 | / | 40 |
| total: | 27 | 5385g | / | 945w |
| Spirit Tower | 2 | 290 | / | 80 |
| Nerubian Tower | 2 | 200 | / | 40 |
| Altar of Darkness | 1 | 180 | / | 50 |
| Crypt | 1 | 200 | / | 50 |
| Ziggurat | 6 | 900 | / | 300 |
| Graveyard | 1 | 215 | / | 0 |
| Tomb of Relics | 1 | 130 | / | 30 |
| Slaughterhouse | 1 | 140 | / | 135 |
| Sacrificial Pit | 1 | 75 | / | 150 |
| Boneyard | 3 | 525 | / | 600 |
| Halls of the Dead | 1 | 320 | / | 210 |
| Black Citadel | 1 | 325 | / | 230 |
| total: | 15 | 2365g | / | 1315w |
| 0:07 | Altar of Darkness |
| 0:09 | Crypt |
| 0:13 | Ziggurat |
| 0:45 | Acolyte |
| 0:45 | Acolyte |
| 0:55 | Acolyte |
| 1:33 | Ghoul |
| 1:33 | Ghoul |
| 1:40 | Ziggurat |
| 2:03 | Graveyard |
| 2:11 | Vampiric Aura |
| 2:42 | Halls of the Dead |
| 2:56 | Ziggurat |
| 3:30 | Crypt Fiend |
| 3:32 | Crypt Fiend |
| 3:51 | Spirit Tower |
| 4:05 | Tomb of Relics |
| 4:27 | Crypt Fiend |
| 4:39 | Nerubian Tower |
| 4:56 | Crypt Fiend |
| 4:59 | Nerubian Tower |
| 5:14 | Carrion Swarm |
| 5:40 | Slaughterhouse |
| 5:59 | Crypt Fiend |
| 6:00 | Web |
| 6:05 | Creature Attack |
| 6:41 | Crypt Fiend |
| 6:43 | Burrow |
| 6:47 | Ziggurat |
| 7:31 | Black Citadel |
| 8:11 | Obsidian Statue |
| 8:14 | Ziggurat |
| 8:17 | Ziggurat |
| 8:20 | Spirit Tower |
| 9:11 | Crypt Fiend |
| 9:11 | Crypt Fiend |
| 10:47 | Sacrificial Pit |
| 11:13 | Ghoul |
| 11:13 | Ghoul |
| 11:22 | Abomination |
| 11:51 | Boneyard |
| 12:00 | Boneyard |
| 12:08 | Boneyard |
| 12:14 | Ghoul |
| 12:30 | Ghoul Frenzy |
| 13:03 | Frost Wyrm |
| 13:04 | Frost Wyrm |
| 13:05 | Frost Wyrm |
| 13:20 | Grunt |
| 13:20 | Grunt |
| 13:20 | Grunt |
| 13:23 | Shaman |
| 13:25 | Shaman |
| 13:38 | Frost Wyrm |
| 13:53 | Scroll of Town Portal |
| Right click | 327 |
| Select | 248 |
| Build/train/purchase | 54 |
| Use ability | 7 |
| Chat | 4 |
| Remove unit | 3 |
| Minimap ping | 2 |


| Peasant | 13 | 975 | / | 0 |
| Footman | 25 | 3375 | / | 0 |
| Mortar Team | 3 | 540 | / | 210 |
| total: | 41 | 4890g | / | 210w |
| Scout Tower | 2 | 60 | / | 40 |
| Guard Tower | 1 | 70 | / | 50 |
| Altar of Kings | 1 | 180 | / | 50 |
| Barracks | 2 | 320 | / | 120 |
| Farm | 8 | 640 | / | 160 |
| Blacksmith | 1 | 140 | / | 60 |
| Lumber Mill | 1 | 120 | / | 0 |
| Town Hall | 2 | 770 | / | 410 |
| Arcane Vault | 1 | 130 | / | 30 |
| Workshop | 1 | 140 | / | 140 |
| Keep | 1 | 320 | / | 210 |
| total: | 19 | 2500g | / | 1010w |
| 0:02 | Peasant |
| 0:02 | Peasant |
| 0:02 | Peasant |
| 0:19 | Altar of Kings |
| 0:33 | Barracks |
| 0:42 | Farm |
| 0:47 | Peasant |
| 0:47 | Peasant |
| 1:25 | Farm |
| 1:38 | Footman |
| 1:38 | Footman |
| 1:41 | Peasant |
| 1:41 | Peasant |
| 1:44 | Footman |
| 2:00 | Farm |
| 2:20 | Footman |
| 2:20 | Defend |
| 2:25 | Thunder Clap |
| 2:36 | Farm |
| 2:38 | Peasant |
| 2:50 | Blacksmith |
| 3:03 | Footman |
| 3:12 | Farm |
| 3:16 | Peasant |
| 3:30 | Lumber Mill |
| 3:53 | Farm |
| 3:55 | Footman |
| 3:58 | Peasant |
| 4:38 | Farm |
| 4:44 | Peasant |
| 4:44 | Peasant |
| 4:46 | Peasant |
| 5:03 | Town Hall |
| 5:08 | Storm Bolt |
| 5:14 | Arcane Vault |
| 5:42 | Farm |
| 6:17 | Footman |
| 6:17 | Footman |
| 6:47 | Keep |
| 7:09 | Town Hall |
| 7:16 | Footman |
| 7:16 | Footman |
| 8:03 | Footman |
| 8:04 | Footman |
| 8:25 | Scout Tower |
| 8:28 | Scout Tower |
| 8:35 | Footman |
| 9:15 | Guard Tower |
| 9:22 | Workshop |
| 9:28 | Barracks |
| 10:05 | Footman |
| 10:05 | Footman |
| 10:05 | Footman |
| 10:32 | Mortar Team |
| 10:32 | Mortar Team |
| 10:40 | Footman |
| 10:40 | Footman |
| 10:40 | Footman |
| 11:04 | Holy Light |
| 11:08 | Footman |
| 11:08 | Footman |
| 12:03 | Footman |
| 12:03 | Footman |
| 12:49 | Mortar Team |
| 12:50 | Footman |
| 13:03 | Footman |
| Right click | 497 |
| Select | 313 |
| Build/train/purchase | 72 |
| Use ability | 6 |
| Remove unit | 1 |

| Acolyte | 6 | 450 | / | 0 |
| Ghoul | 6 | 720 | / | 0 |
| Crypt Fiend | 9 | 1935 | / | 360 |
| total: | 21 | 3105g | / | 360w |
| Spirit Tower | 2 | 290 | / | 80 |
| Altar of Darkness | 1 | 180 | / | 50 |
| Crypt | 1 | 200 | / | 50 |
| Ziggurat | 8 | 1200 | / | 400 |
| Graveyard | 1 | 215 | / | 0 |
| Halls of the Dead | 1 | 320 | / | 210 |
| total: | 11 | 1795g | / | 500w |
| 0:23 | Altar of Darkness |
| 0:29 | Crypt |
| 0:40 | Ziggurat |
| 0:54 | Acolyte |
| 1:08 | Acolyte |
| 1:35 | Graveyard |
| 1:44 | Acolyte |
| 2:12 | Ziggurat |
| 2:20 | Ghoul |
| 2:32 | Ghoul |
| 2:35 | Carrion Beetles |
| 2:47 | Ghoul |
| 3:19 | Ziggurat |
| 4:11 | Impale |
| 4:37 | Ziggurat |
| 4:38 | Crypt Fiend |
| 5:13 | Ghoul |
| 5:13 | Ghoul |
| 5:13 | Ghoul |
| 6:42 | Spirit Tower |
| 7:27 | Ziggurat |
| 7:32 | Ziggurat |
| 7:41 | Carrion Beetles |
| 8:18 | Ziggurat |
| 8:25 | Ziggurat |
| 8:27 | Halls of the Dead |
| 9:55 | Crypt Fiend |
| 9:55 | Crypt Fiend |
| 9:55 | Crypt Fiend |
| 9:56 | Crypt Fiend |
| 10:29 | Spirit Tower |
| 10:31 | Crypt Fiend |
| 11:06 | Acolyte |
| 11:06 | Acolyte |
| 11:07 | Acolyte |
| 11:12 | Crypt Fiend |
| 11:13 | Crypt Fiend |
| 11:13 | Crypt Fiend |
| Right click | 510 |
| Select | 165 |
| Build/train/purchase | 43 |
| Minimap ping | 6 |
| Use ability | 2 |


| Potion of Healing | 1 | 150 |
| total: | 1 | 150g |
| Peon | 6 | 450 | / | 0 |
| Grunt | 8 | 1600 | / | 0 |
| Shaman | 9 | 1170 | / | 180 |
| total: | 23 | 3220g | / | 180w |
| Altar of Storms | 1 | 180 | / | 50 |
| Orc Burrow | 4 | 640 | / | 160 |
| Barracks | 1 | 180 | / | 50 |
| War Mill | 1 | 205 | / | 0 |
| Voodoo Lounge | 1 | 130 | / | 30 |
| Great Hall | 1 | 385 | / | 185 |
| Spirit Lodge | 2 | 300 | / | 300 |
| Stronghold | 1 | 315 | / | 190 |
| Fortress | 1 | 325 | / | 190 |
| total: | 11 | 2020g | / | 775w |
| 0:05 | Peon |
| 0:05 | Peon |
| 0:22 | Altar of Storms |
| 0:24 | Peon |
| 0:37 | Orc Burrow |
| 0:39 | Peon |
| 0:51 | Barracks |
| 0:56 | Peon |
| 0:57 | Peon |
| 1:36 | War Mill |
| 1:58 | Grunt |
| 2:04 | Orc Burrow |
| 2:17 | Grunt |
| 2:37 | War Stomp |
| 2:51 | Stronghold |
| 3:09 | Grunt |
| 3:14 | Orc Burrow |
| 3:22 | Orc Burrow |
| 4:01 | Grunt |
| 4:02 | Grunt |
| 4:43 | Grunt |
| 5:16 | Spirit Lodge |
| 5:18 | Spirit Lodge |
| 5:37 | Fortress |
| 5:46 | Endurance Aura |
| 5:57 | Steel Melee Weapons |
| 7:01 | Shaman Adept Training |
| 7:02 | Shaman |
| 7:02 | Shaman |
| 7:07 | Feral Spirit |
| 8:03 | Shaman Master Training |
| 8:04 | Shaman |
| 8:04 | Shaman |
| 8:06 | Shaman |
| 8:06 | Shaman |
| 8:15 | Voodoo Lounge |
| 8:17 | Spiked Barricades |
| 8:47 | Shaman |
| 10:01 | War Stomp |
| 10:16 | Shaman |
| 10:16 | Shaman |
| 10:36 | Great Hall |
| 11:44 | Potion of Healing |
| 12:51 | Grunt |
| 12:51 | Grunt |
| 12:55 | Chain Lighting |
| Right click | 218 |
| Select | 187 |
| Select group | 178 |
| Misc. action | 72 |
| Build/train/purchase | 57 |
| Assign group | 33 |
| Minimap ping | 17 |
| Use ability | 4 |
| Remove unit | 1 |
| Esc | 1 |
129 units @ 15.5k
/ 1.1k
58 buildings @ 9k
/ 3k

| Wisp | 16 | 960 | / | 0 |
| Archer | 28 | 3640 | / | 280 |
| total: | 44 | 4600g | / | 280w |
| Moon Well | 8 | 1440 | / | 320 |
| Altar of Elders | 1 | 180 | / | 50 |
| Ancient of War | 2 | 300 | / | 120 |
| Hunter's Hall | 1 | 210 | / | 100 |
| Tree of Life | 1 | 340 | / | 185 |
| Tree of Ages | 1 | 320 | / | 180 |
| total: | 13 | 2470g | / | 775w |
| 0:07 | Moon Well |
| 0:16 | Altar of Elders |
| 0:19 | Wisp |
| 0:20 | Wisp |
| 0:52 | Ancient of War |
| 0:54 | Wisp |
| 0:54 | Wisp |
| 0:54 | Wisp |
| 0:55 | Wisp |
| 1:30 | Wisp |
| 1:30 | Wisp |
| 1:44 | Moon Well |
| 1:53 | Archer |
| 1:53 | Archer |
| 2:16 | Trueshot Aura |
| 2:30 | Moon Well |
| 2:35 | Ancient of War |
| 2:46 | Moon Well |
| 2:54 | Archer |
| 2:54 | Archer |
| 3:10 | Wisp |
| 3:10 | Wisp |
| 3:10 | Wisp |
| 3:22 | Archer |
| 3:41 | Archer |
| 3:52 | Archer |
| 4:02 | Archer |
| 4:23 | Hunter's Hall |
| 5:12 | Searing Arrows |
| 5:31 | Tree of Life |
| 5:35 | Archer |
| 5:35 | Archer |
| 6:42 | Archer |
| 6:42 | Archer |
| 6:42 | Archer |
| 6:44 | Archer |
| 7:05 | Wisp |
| 7:06 | Wisp |
| 7:06 | Wisp |
| 7:09 | Wisp |
| 7:36 | Strength of the Moon |
| 7:42 | Moon Well |
| 8:07 | Trueshot Aura |
| 9:16 | Wisp |
| 9:18 | Tree of Ages |
| 9:22 | Moon Armor |
| 9:24 | Archer |
| 9:24 | Archer |
| 9:24 | Archer |
| 9:41 | Moon Well |
| 10:35 | Moon Well |
| 10:37 | Archer |
| 10:37 | Archer |
| 10:37 | Archer |
| 10:37 | Archer |
| 11:14 | Searing Arrows |
| 12:09 | Improved Bows |
| 12:13 | Moon Well |
| 12:42 | Improved Strength of the Moon |
| 13:12 | Trueshot Aura |
| 14:14 | Improved Moon Armor |
| 14:17 | Archer |
| 14:17 | Archer |
| 14:17 | Archer |
| 14:17 | Archer |
| 14:17 | Archer |
| 14:17 | Archer |
| 14:17 | Archer |
| Right click | 433 |
| Select | 125 |
| Build/train/purchase | 59 |
| Use ability | 4 |

| Lesser Clarity Potion | 3 | 210 |
| Scroll of Regeneration | 3 | 300 |
| Potion of Mana | 1 | 200 |
| Scroll of Town Portal | 1 | 350 |
| total: | 8 | 1060g |
| Peasant | 13 | 975 | / | 0 |
| Footman | 26 | 3510 | / | 0 |
| total: | 39 | 4485g | / | 0w |
| Altar of Kings | 1 | 180 | / | 50 |
| Farm | 13 | 1040 | / | 260 |
| Barracks | 2 | 320 | / | 120 |
| Arcane Vault | 1 | 130 | / | 30 |
| Town Hall | 1 | 385 | / | 205 |
| Blacksmith | 1 | 140 | / | 60 |
| Lumber Mill | 1 | 120 | / | 0 |
| Workshop | 3 | 420 | / | 420 |
| Keep | 1 | 320 | / | 210 |
| Castle | 1 | 360 | / | 210 |
| total: | 23 | 2735g | / | 1145w |
| 0:04 | Peasant |
| 0:04 | Peasant |
| 0:09 | Altar of Kings |
| 0:28 | Farm |
| 0:33 | Peasant |
| 0:37 | Barracks |
| 0:43 | Peasant |
| 0:53 | Peasant |
| 1:17 | Farm |
| 1:21 | Peasant |
| 1:39 | Footman |
| 1:55 | Barracks |
| 1:58 | Farm |
| 1:59 | Footman |
| 2:18 | Footman |
| 2:37 | Footman |
| 2:40 | Farm |
| 2:48 | Arcane Vault |
| 2:50 | Blizzard |
| 2:55 | Footman |
| 3:00 | Footman |
| 3:06 | Footman |
| 3:23 | Farm |
| 3:44 | Footman |
| 3:54 | Footman |
| 4:09 | Footman |
| 4:22 | Farm |
| 4:36 | Footman |
| 4:43 | Lesser Clarity Potion |
| 4:58 | Peasant |
| 4:58 | Peasant |
| 4:59 | Peasant |
| 5:28 | Summon Water Elemental |
| 5:50 | Town Hall |
| 5:55 | Scroll of Regeneration |
| 5:59 | Peasant |
| 5:59 | Peasant |
| 6:31 | Footman |
| 6:46 | Footman |
| 6:57 | Footman |
| 7:03 | Footman |
| 7:11 | Footman |
| 7:46 | Footman |
| 7:46 | Footman |
| 7:46 | Footman |
| 8:01 | Keep |
| 8:09 | Scroll of Regeneration |
| 8:10 | Lesser Clarity Potion |
| 8:31 | Defend |
| 8:42 | Blacksmith |
| 8:46 | Lumber Mill |
| 9:02 | Peasant |
| 9:02 | Peasant |
| 9:17 | Blizzard |
| 9:34 | Footman |
| 9:34 | Footman |
| 9:35 | Footman |
| 9:47 | Footman |
| 9:47 | Footman |
| 10:17 | Footman |
| 10:27 | Castle |
| 10:44 | Summon Water Elemental |
| 10:46 | Scroll of Town Portal |
| 10:51 | Scroll of Regeneration |
| 10:55 | Lesser Clarity Potion |
| 11:10 | Potion of Mana |
| 11:19 | Workshop |
| 11:23 | Workshop |
| 11:37 | Workshop |
| 12:05 | Footman |
| 12:10 | Farm |
| 12:11 | Farm |
| 12:11 | Farm |
| 12:11 | Farm |
| 12:12 | Farm |
| 12:13 | Farm |
| 12:13 | Farm |
| 12:41 | Blizzard |
| 13:18 | Improved Lumber Harvesting |
| Right click | 472 |
| Chat | 223 |
| Select | 173 |
| Select group | 144 |
| Build/train/purchase | 84 |
| Assign group | 25 |
| Misc. action | 18 |
| Use ability | 14 |
| Esc | 4 |
| Minimap ping | 1 |


| Healing Salve | 2 | 200 |
| Lesser Clarity Potion | 1 | 70 |
| Scroll of Town Portal | 1 | 350 |
| total: | 4 | 620g |
| Peon | 10 | 750 | / | 0 |
| Troll Headhunter | 21 | 2940 | / | 420 |
| Demolisher | 1 | 220 | / | 50 |
| total: | 32 | 3910g | / | 470w |
| Orc Burrow | 6 | 960 | / | 240 |
| War Mill | 1 | 205 | / | 0 |
| Barracks | 2 | 360 | / | 100 |
| Altar of Storms | 1 | 180 | / | 50 |
| Voodoo Lounge | 1 | 130 | / | 30 |
| Great Hall | 1 | 385 | / | 185 |
| Stronghold | 1 | 315 | / | 190 |
| total: | 12 | 2220g | / | 605w |
| 0:03 | Peon |
| 0:03 | Peon |
| 0:27 | Peon |
| 0:33 | Orc Burrow |
| 0:37 | Peon |
| 0:55 | Peon |
| 1:06 | War Mill |
| 1:10 | Peon |
| 1:20 | Barracks |
| 1:26 | Altar of Storms |
| 1:41 | Orc Burrow |
| 2:22 | Troll Headhunter |
| 2:25 | Barracks |
| 2:32 | Voodoo Lounge |
| 2:37 | Troll Headhunter |
| 2:46 | Troll Headhunter |
| 3:08 | Orc Burrow |
| 3:19 | Troll Headhunter |
| 3:29 | War Stomp |
| 3:44 | Troll Headhunter |
| 4:03 | Orc Burrow |
| 4:46 | Endurance Aura |
| 5:03 | Great Hall |
| 5:16 | Troll Headhunter |
| 5:17 | Troll Headhunter |
| 5:46 | Troll Headhunter |
| 6:00 | Endurance Aura |
| 6:08 | Troll Headhunter |
| 7:00 | Troll Headhunter |
| 7:52 | Troll Headhunter |
| 7:52 | Troll Headhunter |
| 8:14 | Peon |
| 8:14 | Peon |
| 8:15 | Peon |
| 8:15 | Peon |
| 8:19 | Stronghold |
| 8:33 | Healing Salve |
| 8:40 | Healing Salve |
| 8:55 | Lesser Clarity Potion |
| 9:46 | War Stomp |
| 9:57 | Troll Headhunter |
| 10:27 | Troll Headhunter |
| 10:32 | Orc Burrow |
| 10:34 | Orc Burrow |
| 10:35 | Steel Ranged Weapons |
| 10:36 | Steel Armor |
| 11:43 | Troll Headhunter |
| 11:43 | Troll Headhunter |
| 11:44 | Troll Headhunter |
| 11:44 | Troll Headhunter |
| 12:28 | Troll Headhunter |
| 12:42 | Scroll of Town Portal |
| 12:48 | Endurance Aura |
| 13:06 | Thorium Ranged Weapons |
| 13:07 | Thorium Armor |
| 13:31 | Serpent Ward |
| 14:07 | Troll Regeneration |
| 14:08 | Troll Headhunter |
| 14:09 | Troll Headhunter |
| 14:09 | Demolisher |
| Select group | 696 |
| Right click | 598 |
| Select | 161 |
| Build/train/purchase | 58 |
| Assign group | 23 |
| Use ability | 6 |
| Remove unit | 4 |



| Rod of Necromancy | 4 | 600 |
| Sacrificial Skull | 1 | 50 |
| Potion of Healing | 1 | 150 |
| Orb of Corruption | 1 | 375 |
| Scroll of Town Portal | 2 | 700 |
| total: | 9 | 1875g |
| Acolyte | 2 | 150 | / | 0 |
| Ghoul | 2 | 240 | / | 0 |
| Crypt Fiend | 7 | 1505 | / | 280 |
| Obsidian Statue | 3 | 600 | / | 105 |
| total: | 14 | 2495g | / | 385w |
| Crypt | 1 | 200 | / | 50 |
| Graveyard | 1 | 215 | / | 0 |
| Altar of Darkness | 1 | 180 | / | 50 |
| Ziggurat | 5 | 750 | / | 250 |
| Tomb of Relics | 1 | 130 | / | 30 |
| Slaughterhouse | 1 | 140 | / | 135 |
| Halls of the Dead | 1 | 320 | / | 210 |
| Black Citadel | 1 | 325 | / | 230 |
| total: | 10 | 1615g | / | 515w |
| 0:08 | Acolyte |
| 0:13 | Crypt |
| 0:18 | Graveyard |
| 0:22 | Acolyte |
| 0:43 | Altar of Darkness |
| 0:59 | Ziggurat |
| 1:15 | Ghoul |
| 1:29 | Tomb of Relics |
| 1:50 | Crypt Fiend |
| 2:06 | Ziggurat |
| 2:23 | Crypt Fiend |
| 2:48 | Rod of Necromancy |
| 2:54 | Death Coil |
| 3:00 | Crypt Fiend |
| 3:32 | Halls of the Dead |
| 3:50 | Ghoul |
| 4:02 | Unholy Aura |
| 4:05 | Ziggurat |
| 4:24 | Crypt Fiend |
| 4:56 | Rod of Necromancy |
| 4:57 | Sacrificial Skull |
| 5:14 | Death Coil |
| 6:00 | Black Citadel |
| 6:08 | Burrow |
| 7:07 | Scroll of Town Portal |
| 7:07 | Potion of Healing |
| 7:09 | Slaughterhouse |
| 7:14 | Frost Nova |
| 7:31 | Ziggurat |
| 7:36 | Crypt Fiend |
| 7:45 | Rod of Necromancy |
| 7:50 | Frost Armor |
| 8:11 | Obsidian Statue |
| 8:51 | Death Pact |
| 9:24 | Orb of Corruption |
| 9:25 | Rod of Necromancy |
| 9:34 | Obsidian Statue |
| 9:57 | Impale |
| 10:07 | Web |
| 10:48 | Frost Nova |
| 11:10 | Creature Attack |
| 11:11 | Crypt Fiend |
| 11:16 | Spiked Carapace |
| 11:32 | Destroyer Form |
| 12:03 | Crypt Fiend |
| 12:06 | Scroll of Town Portal |
| 12:18 | Improved Creature Attack |
| 13:06 | Obsidian Statue |
| 13:10 | Death Coil |
| 13:44 | Impale |
| 14:12 | Dark Ritual |
| 14:15 | Ziggurat |
| 14:16 | Advanced Creature Attack |
| 14:17 | Creature Carapace |
| Select group | 1153 |
| Right click | 931 |
| Select | 279 |
| Misc. action | 237 |
| Build/train/purchase | 91 |
| Assign group | 58 |
| Use ability | 45 |
| Chat | 14 |
| Item give/drop | 8 |
| Esc | 1 |
| Minimap ping | 1 |